 Dungeon Crawl Stone Soup version 0.30-b1-2-g02819fbbbe (webtiles) character file.

Game seed: 6741142007806762809

133 MajorAdolf the Sneak (level 5, 0/42 HPs)
             Began as a Naga Wanderer on Sept 21, 2023.
             Slain by Grinder (6 damage)
             ... on level 3 of the Dungeon.
             The game lasted 00:08:38 (4440 turns).

MajorAdolf the Sneak (Naga Wanderer)                Turns: 4440, Time: 00:08:39

Health: 0/42       AC:  4    Str: 11    XL:     5   Next: 16%
Magic:  3/6        EV:  9    Int: 18    God:
Gold:   86         SH:  0    Dex: 10    Spells: 2/6 levels left

rFire   + . .        v - +3 dagger (venom)
rCold   + . .        (no shield)
rNeg    . . .        c - +0 robe
rPois   +            (no helmet)
rElec   +            u - +0 cloak
rCorr   +            d - +0 pair of gloves
SInv    +            (no barding)
Will    .....        (no amulet)
Stlth   +++          (no ring)
HPRegen 0.27/turn    (no ring)
MPRegen 0.10/turn

%: no passive effects
@: resistant, flying, hasted, quick
A: AC +1, large, see invisible, deformed body, poison resistance, slowness 2,
spit poison 1, naga tail 1
a: Spit Poison


You were on level 3 of the Dungeon.
You visited 1 branch of the dungeon, and saw 3 of its levels.

You collected 86 gold pieces.

Inventory:

Hand Weapons
 g - a +0 dagger
 s - a +2 dagger of protection
 v - a +3 dagger of venom (weapon)
Armour
 c - a +0 robe (worn)
 d - a +0 pair of gloves (worn)
 u - a +0 cloak (worn)
Wands
 o - a wand of flame (12)
Scrolls
 f - 2 scrolls of fog {unknown}
 h - 3 scrolls of identify {unknown}
 i - 5 scrolls of teleportation {unknown}
 j - a scroll of amnesia {unknown}
 n - 2 scrolls of enchant weapon {unknown}
 p - 2 scrolls of enchant armour {unknown}
 q - a scroll of blinking {unknown}
 r - a scroll of vulnerability {unknown}
Potions
 b - 3 potions of attraction
 l - a potion of mutation {unknown}
 m - 2 potions of heal wounds {unknown}
 t - 2 potions of brilliance {unknown}


   Skills:
 - Level 1.0 Throwing
 - Level 1.0 Armour
 + Level 5.5 Stealth
 - Level 1.0 Spellcasting
 + Level 2.0 Transmutations
 + Level 1.5 Fire Magic
 - Level 4.0 Ice Magic
 + Level 2.3 Poison Magic
 - Level 1.0 Evocations


You had 2 spell levels left.
You knew the following spells:

 Your Spells              Type           Power      Damage    Failure   Level
a - Ignite Poison         Fire/Tmut/Pois 7%         N/A       26%         3
b - Sting                 Tmut/Pois      32%        1d4       9%          1

Your spell library contained the following spells:

 Spells                   Type           Power      Damage    Failure   Level
 Freeze                   Ice            60%        1d7       3%          1
 Shock                    Conj/Air       0%         1d3       21%         1
 Cigotuvi's Dreadful Rot  Necr/Pois/Air  6%         N/A       22%         2
 Frozen Ramparts          Ice            30%        1d5       12%         3
 Hailstorm                Conj/Ice       8%         3d4       26%         3
 Swiftness                Air            0%         N/A       52%         3
 Vhi's Electric Charge    Tloc/Air       0%         N/A       52%         3
 Airstrike                Air            0%         2d(0-16)  89%         4
 Arcjolt                  Conj/Air       0%         1d10      99%         5
 Plasma Beam              Fire/Air       1%         2x1d12    100%        6
 Maxwell's Capacitive Co  Air            0%         ∞         100%        8


Dungeon Overview and Level Annotations

Branches:
Dungeon (3/15)

Altars:

Shops:
D:1 =

Annotations:
D:3 Grinder, Sigmund


Innate Abilities, Weirdness & Mutations

Your serpentine skin is tough. (AC +1)
You have supernaturally acute eyesight. (SInv)
Armour fits poorly on your strangely shaped body.
Your system is resistant to poisons. (rPois)
You cover ground very slowly.
You can spit poison.
You have a snake-like lower body.


Message History

The bat closely misses you.
Grinder blinks!
You hit the bat.
You kill the bat!
You hit Grinder.
Grinder is heavily wounded.
The goblin hits you but does no damage. Grinder barely misses you.
You closely miss Grinder.
Grinder is heavily wounded.
The goblin hits you with a +0 dagger. Grinder hits you.
You writhe in agony.
* * * LOW HITPOINT WARNING * * *
You barely miss Grinder.
Grinder is heavily wounded.
The goblin hits you but does no damage. Grinder hits you.
* * * LOW HITPOINT WARNING * * *
You writhe in agony.
* * * LOW HITPOINT WARNING * * *
Unknown command.
You hit Grinder but do no damage.
Grinder is heavily wounded.
The goblin barely misses you. Grinder barely misses you.
Unknown command.
You hit Grinder.
Grinder is poisoned.
Grinder is heavily wounded.
The goblin hits you with a +0 dagger.
* * * LOW HITPOINT WARNING * * *
Grinder barely misses you.
It was a potion of resistance.
You feel protected. The goblin hits you but does no damage.
Grinder gestures at you. You resist with some effort.
It was a potion of flight.
You feel very buoyant.
You fly up into the air.
The goblin hits you but does no damage. Grinder closely misses you.
It was a potion of haste.
You feel yourself speed up. The goblin hits you but does no damage.
Grinder says, "FISH!"
Grinder hits you.
You die...

#.######.................#.^#####
#.# #...........##......## #.###
#................#.## ....#
###...........#.#.## #.#.#
#....§......#.### #.#.#
#.#.......#.#.# #.#.#
###.#####)#...#.# #.#.####.....#
#g##.##.## ......########
#@5......# #.###.# ####.###.#
#.###.# [...$ .# #..##.#
.........# ##.##.# .........#
......# . ......## ##.#### .g..#
#.#### gg..# #....####


You could see Grinder (very poisoned) and a goblin.

Vanquished Creatures
  Ijyb (D:2)
  Robin (D:2)
  An adder (D:3)
  A worm (D:3)
  7 dart slugs
  8 ball pythons
  6 endoplasms
  A giant cockroach (D:1)
  11 hobgoblins
  4 jackals
  3 quokkas
  3 bats
  7 goblins
  7 kobolds
  2 rats
63 creatures vanquished.

Vanquished Creatures (others)
  2 plants (D:1)
2 creatures vanquished.

Grand Total: 65 creatures vanquished

Notes
Turn   | Place    | Note
-------+----------+-------------------------------------------
     0 | D:1      | MajorAdolf the Naga Wanderer began the quest for the Orb.
     0 | D:1      | MajorAdolf set off with the following items: a +0 club, a
                  | potion of attraction, a +0 robe, a +0 pair of gloves; and
                  | the following spells available to memorise: Freeze, Sting,
                  | Frozen Ramparts, Hailstorm, Ignite Poison.
     0 | D:1      | Reached XP level 1. HP: 15/15 MP: 2/2
   138 | D:1      | Reached skill level 2 in Stealth
   394 | D:1      | Reached skill level 3 in Stealth
   426 | D:1      | Found Mutysk's One-of-a-Kind Rings.
   480 | D:1      | Reached XP level 2. HP: 5/22 MP: 3/3
   908 | D:1      | Reached skill level 4 in Stealth
  1149 | D:1      | Reached XP level 3. HP: 28/28 MP: 4/4
  1153 | D:1      | Learned a level 3 spell: Ignite Poison
  1155 | D:1      | Learned a level 1 spell: Sting
  1996 | D:2      | Identified the +0 chain mail of Gosowk {Fly Will+ Dex+2}
  2023 | D:2      | Got the Grimoire of Feathers and the Hornet
  2029 | D:2      | Reached skill level 1 in Poison Magic
  2092 | D:2      | Reached skill level 5 in Stealth
  2367 | D:2      | Reached XP level 4. HP: 36/36 MP: 3/5
  2628 | D:3      | Reached skill level 1 in Fire Magic
  2661 | D:3      | Noticed Robin
  2810 | D:3      | Noticed Sigmund
  4061 | D:2      | Killed Robin
  4197 | D:3      | Noticed Ijyb
  4261 | D:2      | Killed Ijyb
  4262 | D:2      | Reached XP level 5. HP: 4/42 MP: 2/6
  4413 | D:3      | Noticed Grinder
  4440 | D:3      | Slain by Grinder

Illustrated notes

Levels and vault maps discovered:
D:1:      eino_arrival_cavern_d, layout_basic, serial_forest,
          infiniplex_forest_clump_cross, infiniplex_forest_straight_1,
          infiniplex_forest_straight_5, infiniplex_forest_corner_2,
          infiniplex_forest_zigzag_2, infiniplex_forest_corner_1,
          infiniplex_forest_clump_double, infiniplex_forest_lined_ring,
          infiniplex_forest_clump_small, nicolae_shop_unique_rings
D:2:      layout_loops_cross
D:3:      layout_loops_cross, serial_shops, nicolae_lakefront_shop,
          nicolae_goblin_pals, uniq_sigmund, uniq_grinder

Skill      XL: |  1  2  3  4 |
---------------+-------------+-----
Stealth        | 3 4 5 |  5.5
Poison Magic   | 1 2 |  2.3
Fire Magic     | 1 |  1.5
Transmutations | 2 |  2.0
Throwing       | |  1.0
Armour         | |  1.0
Spellcasting   | |  1.0
Ice Magic      | |  4.0
Evocations     | |  1.0

Action                     |  1- 3 |  4- 6 || total
---------------------------+-------+-------++-------
  Melee: Unarmed           |    15 |       ||    15
         Punch             |     1 |       ||     1
         Dagger            |    42 |    50 ||    92
   Cast: Sting             |     8 |    27 ||    35
Ability: Spit Poison       |    44 |    13 ||    57
  Evoke: Wand              |       |     1 ||     1
    Use: Potion            |       |     3 ||     3
 Armour: Robe              |    13 |    38 ||    51
  Dodge: Dodged            |    40 |    47 ||    87
